WCHLSIM.com - West Coast Hockey League
html PUBLIC "-//W3C//DTD XHTML 1.0 Transitional//EN" "http://www.w3.org/TR/xhtml1/DTD/xhtml1-transitional.dtd"> WCHL - Game 494 - SAN JOSE BRONCOS vs EDMONTON ICE

SAN JOSE BRONCOS vs EDMONTON ICE

Created - 22 janvier 2021 at 21:34

Goals
1 2 3 OT1 T
SAN JOSE BRONCOS 0 1 0 1 2
EDMONTON ICE 0 1 0 0 1
Shots
1 2 3 OT1 T
SAN JOSE BRONCOS 6 11 12 2 31
EDMONTON ICE 9 11 4 2 26

1st period

No Goal

Penalties :
Anthony Beauvillier (SJO) for Roughing (Minor) at 12:27, Matt Irwin (SJO) for Hooking (Minor) at 14:48, Timo Meier (EDM) for Interference (Minor) at 17:37

2nd period

1. SAN JOSE BRONCOS , Evgeni Malkin 13 (Connor Brown 16, Jaccob Slavin 20) at 0:18
2. EDMONTON ICE , Boone Jenner 5 (Joel Eriksson Ek 14, Ondrej Kase 11) at 6:35

Penalties :
Jaden Schwartz (EDM) for Slashing (Minor) at 13:22, Adam Pelech (SJO) for Holding (Minor) at 13:22

3rd period

No Goal

Penalties :
Chris Tanev (SJO) for Tripping (Minor) at 0:26, Matt Irwin (SJO) for Interference (Minor) at 2:43, Jack Johnson (EDM) for Hooking (Minor) at 6:01, Ryan O'Reilly (EDM) for Cross-checking (Minor) at 8:17, Jack Johnson (EDM) for Boarding (Major) at 12:54

Overtime #1

3. SAN JOSE BRONCOS , Oliver Bjorkstrand 11 (Evgeni Malkin 21) at 1:36

Penalties :
No Penalty

Goalie Stats

Jacob Markstrom (SJO), 25 saves from 26 shots - (0,962), W, 14-8-0, 61:37 minutes
Jake Allen (EDM), 29 saves from 31 shots - (0,935), OTL, 5-2-4, 61:37 minutes

Players Stats for SAN JOSE BRONCOS

Player Name              G  A  P  +/- PIM S  H  SB GA TA FO     MP     PP MP  PK MP  
------------------------------------------------------------------------------------
Adam Pelech              0  0  0   0  2   0  1  0  0  0  0/0    21:47   5:49   3:55 
Anthony Beauvillier      0  0  0   0  2   1  1  0  0  0  0/0    10:47   0:54   0:00 
Brayden Point            0  0  0   0  0   2  2  0  0  0  16/28  20:52   5:26   0:00 
Charlie Coyle            0  0  0   0  0   0  0  1  0  0  3/5     5:23   0:00   0:00 
Chris Tanev              0  0  0   0  2   0  2  2  0  0  0/0    22:06   5:12   3:31 
Claude Giroux            0  0  0   0  0   3  0  0  0  0  2/5    23:36   5:30   4:05 
Connor Brown             0  1  1   0  0   2  1  0  0  0  0/0    17:06   5:26   0:00 
David Kampf              0  0  0   0  0   0  0  0  0  0  0/0     5:23   0:00   0:00 
Elias Lindholm           0  0  0   0  0   3  2  0  0  0  2/5    19:24   5:26   0:00 
Evgeni Malkin            1  1  2   1  0   5  1  0  0  0  8/24   21:23   5:30   3:51 
Hampus Lindholm          0  0  0   1  0   0  2  0  0  0  0/0    24:36   5:07   3:53 
Jaccob Slavin            0  1  1   0  0   2  1  0  0  0  0/0    26:48   5:07   4:33 
Jesper Bratt             0  0  0   0  0   0  0  0  0  0  0/0     9:01   0:00   0:00 
Marco Scandella          0  0  0   0  0   1  0  0  0  0  0/0    13:34   0:37   0:00 
Matt Irwin               0  0  0   0  4   0  0  1  0  0  0/0    12:42   0:00   0:00 
Nick Bonino              0  0  0   0  0   3  0  1  0  0  4/13   13:06   0:00   4:05 
Oliver Bjorkstrand       1  0  1   1  0   9  1  0  0  0  0/3    21:54   4:36   3:51 
Tyler Motte              0  0  0   0  0   0  1  0  0  0  0/0     5:23   0:00   0:00 

Players Stats for EDMONTON ICE

Player Name              G  A  P  +/- PIM S  H  SB GA TA FO     MP     PP MP  PK MP  
------------------------------------------------------------------------------------
Anthony Mantha           0  0  0  -1  0   4  3  0  0  0  0/0    18:40   3:51   0:00 
Boone Jenner             1  0  1   1  0   2  3  0  0  0  11/16  13:55   0:00   7:12 
Brendan Perlini          0  0  0   0  0   0  0  0  0  0  0/0     0:00   0:00   0:00 
Calvin De Haan           0  0  0   1  0   0  0  1  0  0  0/0    14:39   0:00   5:04 
Colton Parayko           0  0  0   0  0   0  5  1  0  0  0/0    24:55   3:51   6:04 
Ivan Barbashev           0  0  0   0  0   1  0  0  0  0  0/1     6:56   0:00   0:00 
Jack Johnson             0  0  0   1  7   1  1  0  0  0  0/0    13:36   0:00   2:02 
Jaden Schwartz           0  0  0  -2  2   5  0  0  0  0  0/1    18:00   4:05   0:00 
Jeff Petry               0  0  0  -1  0   0  2  0  0  0  0/0    23:06   4:05   0:06 
Joel Eriksson Ek         0  1  1   1  0   1  0  0  0  0  3/3    11:28   4:05   0:00 
Mathieu Perreault        0  0  0   0  0   0  0  1  0  0  0/0    10:40   0:00   3:44 
Mikko Koivu              0  0  0   0  0   3  1  0  0  0  16/26  16:20   0:00   3:44 
Ondrej Kase              0  1  1   1  0   1  0  2  0  0  0/3    20:05   0:00   7:09 
Patric Hornqvist         0  0  0   0  0   4  3  0  0  0  2/4    16:01   4:05   0:00 
Ryan Graves              0  0  0  -2  0   0  6  5  0  0  0/0    23:57   3:51   5:12 
Ryan O'Reilly            0  0  0  -1  2   1  0  0  0  0  16/26  20:01   3:51   0:03 
Shea Theodore            0  0  0   0  0   1  0  1  0  0  0/0    21:22   4:05   3:24 
Timo Meier               0  0  0  -1  2   2  2  1  0  0  0/3    18:10   3:51   0:00 

3 Stars

1 - Evgeni Malkin (SJO)
2 - Jacob Markstrom (SJO)
3 - Boone Jenner (EDM)

Power Play

SAN JOSE BRONCOS - 0 on 4 Attempt(s) - 0,00%
EDMONTON ICE - 0 on 4 Attempt(s) - 0,00%

Penalty Kill

SAN JOSE BRONCOS - 4 on 4 Attempt(s) - 100,00% - Score 0 goal in Penalty Kill
EDMONTON ICE - 4 on 4 Attempt(s) - 100,00% - Score 0 goal in Penalty Kill

Team Stat

SAN JOSE BRONCOS - Hits : 15 - Faceoff Wins : 35 - Blocked Shots : 5 - Penalty Minutes : 10
EDMONTON ICE - Hits : 26 - Faceoff Wins : 48 - Blocked Shots : 12 - Penalty Minutes : 13

Official

Referees : Francis Charron and Ian Walsh
Linesman : Brian Mach and Jim Harper

Game Notes

No Game Note

Finance

Level 1 -- Attendance: 4909 (81,82%) -- Ticket Income 932 710 $
Level 2 -- Attendance: 4781 (95,62%) -- Ticket Income 597 625 $
Level 3 -- Attendance: 1977 (98,85%) -- Ticket Income 197 700 $
Level 4 -- Attendance: 3886 (64,77%) -- Ticket Income 252 590 $
Luxury Box -- Attendance: 753 (75,30%) -- Ticket Income 256 020 $
Total Attendance: 16306 (81,53%)
Total Ticket Income: 2 236 645 $
Other Expense: 22 366 $
Total Income: 2 214 279 $

SAN JOSE BRONCOS

5 vs 5 Forward 
   Center                   Left Wing                Right Wing               Time % Phy DF OF 
 1 Brayden Point            Oliver Bjorkstrand       Elias Lindholm           36     1   2  2  
 2 Evgeni Malkin            Claude Giroux            Connor Brown             33     1   2  2  
 3 Nick Bonino              Anthony Beauvillier      Jesper Bratt             25     1   2  2  
 4 Charlie Coyle            Tyler Motte              David Kampf              6      1   2  2  

5 vs 5 Defense 
   Defense                  Defense                                           Time % Phy DF OF 
 1 Jaccob Slavin            Hampus Lindholm                                   40     1   2  2  
 2 Chris Tanev              Adam Pelech                                       35     1   2  2  
 3 Marco Scandella          Matt Irwin                                        25     1   2  2  
 4 Hampus Lindholm          Jaccob Slavin                                     0      1   2  2  

PowerPlay Forward 
   Center                   Left Wing                Right Wing               Time % Phy DF OF 
 1 Brayden Point            Elias Lindholm           Connor Brown             60     1   2  2  
 2 Evgeni Malkin            Claude Giroux            Oliver Bjorkstrand       40     1   2  2  

PowerPlay Defense
   Defense                  Defense                                           Time % Phy DF OF 
 1 Jaccob Slavin            Hampus Lindholm                                   60     1   2  2  
 2 Adam Pelech              Chris Tanev                                       40     1   2  2  

Penalty Kill 4 Players Forward 
   Center                   Wing                     Time % Phy DF OF 
 1 Evgeni Malkin            Oliver Bjorkstrand       50     1   2  2  
 2 Nick Bonino              Claude Giroux            50     1   2  2  

Penalty Kill 4 Players Defense
   Defense                  Defense                  Time % Phy DF OF 
 1 Jaccob Slavin            Chris Tanev              50     1   2  2  
 2 Hampus Lindholm          Adam Pelech              50     1   2  2  

Penalty Kill - 3 Players Forward 
   Forward                                           Time % Phy DF OF 
 1 Nick Bonino                                       50     1   2  2  
 2 Evgeni Malkin                                     50     1   2  2  

Penalty Kill - 3 Players Defense
   Defense                  Defense                  Time % Phy DF OF 
 1 Jaccob Slavin            Chris Tanev              55     1   2  2  
 2 Marco Scandella          Adam Pelech              45     1   2  2  

4 vs 4 Forward 
   Center                   Wing                     Time % Phy DF OF 
 1 Brayden Point            Claude Giroux            50     1   2  2  
 2 Elias Lindholm           Anthony Beauvillier      50     1   2  2  

4 vs 4 Defense
   Defense                  Defense                  Time % Phy DF OF 
 1 Chris Tanev              Marco Scandella          50     1   2  2  
 2 Adam Pelech              Matt Irwin               50     1   2  2  

Last Minutes Offensive
   Center                   Left Wing                Right Wing               Defense                  Defense                  
   Evgeni Malkin            Claude Giroux            Elias Lindholm           Jaccob Slavin            Hampus Lindholm          

Last Minutes Defensive
   Center                   Left Wing                Right Wing               Defense                  Defense                  
   Evgeni Malkin            Oliver Bjorkstrand       Connor Brown             Chris Tanev              Jaccob Slavin            

Goaltenders
Starting : Jacob Markstrom          
Backup : Petr Mrazek              

Extra Forwards
Normal : Connor Brown, Elias Lindholm, Charlie Coyle - PP : Oliver Bjorkstrand, Anthony Beauvillier - PK : Charlie Coyle
Extra Defensemen
Normal : Chris Tanev, Marco Scandella, Adam Pelech - PP : Hampus Lindholm - PK : Chris Tanev, Adam Pelech
Penalty Shots
Brayden Point, Elias Lindholm, Connor Brown, Oliver Bjorkstrand, Claude Giroux
Custom OT Lines Forwards
Brayden Point, Claude Giroux, Evgeni Malkin, Oliver Bjorkstrand, Elias Lindholm, Connor Brown, Nick Bonino, Anthony Beauvillier, Charlie Coyle, Jesper Bratt
Custom OT Lines Defensemen
Jaccob Slavin, Hampus Lindholm, Chris Tanev, Adam Pelech, Marco Scandella

Scratches
Neal Pionk (Left Hip Injury)

EDMONTON ICE

5 vs 5 Forward 
   Center                   Left Wing                Right Wing               Time % Phy DF OF 
 1 Ryan O'Reilly            Jaden Schwartz           Anthony Mantha           37     0   2  3  
 2 Mikko Koivu              Timo Meier               Patric Hornqvist         34     0   2  3  
 3 Boone Jenner             Joel Eriksson Ek         Ondrej Kase              23     1   2  2  
 4 Ivan Barbashev           Mathieu Perreault        Ondrej Kase              6      0   4  1  

5 vs 5 Defense 
   Defense                  Defense                                           Time % Phy DF OF 
 1 Jeff Petry               Ryan Graves                                       37     1   2  2  
 2 Shea Theodore            Colton Parayko                                    33     1   2  2  
 3 Jack Johnson             Calvin De Haan                                    23     0   4  1  
 4 Jack Johnson             Jeff Petry                                        7      0   3  2  

PowerPlay Forward 
   Center                   Left Wing                Right Wing               Time % Phy DF OF 
 1 Ryan O'Reilly            Timo Meier               Anthony Mantha           55     0   1  4  
 2 Joel Eriksson Ek         Jaden Schwartz           Patric Hornqvist         45     0   1  4  

PowerPlay Defense
   Defense                  Defense                                           Time % Phy DF OF 
 1 Jeff Petry               Shea Theodore                                     55     0   1  4  
 2 Ryan Graves              Colton Parayko                                    45     0   1  4  

Penalty Kill 4 Players Forward 
   Center                   Wing                     Time % Phy DF OF 
 1 Boone Jenner             Ondrej Kase              57     1   3  1  
 2 Mikko Koivu              Mathieu Perreault        43     1   3  1  

Penalty Kill 4 Players Defense
   Defense                  Defense                  Time % Phy DF OF 
 1 Calvin De Haan           Ryan Graves              57     0   3  2  
 2 Jack Johnson             Colton Parayko           43     0   3  2  

Penalty Kill - 3 Players Forward 
   Forward                                           Time % Phy DF OF 
 1 Boone Jenner                                      55     0   4  1  
 2 Mikko Koivu                                       45     0   4  1  

Penalty Kill - 3 Players Defense
   Defense                  Defense                  Time % Phy DF OF 
 1 Calvin De Haan           Ryan Graves              55     0   4  1  
 2 Jack Johnson             Jeff Petry               45     0   4  1  

4 vs 4 Forward 
   Center                   Wing                     Time % Phy DF OF 
 1 Ryan O'Reilly            Timo Meier               55     1   2  2  
 2 Mikko Koivu              Jaden Schwartz           45     1   2  2  

4 vs 4 Defense
   Defense                  Defense                  Time % Phy DF OF 
 1 Jeff Petry               Colton Parayko           55     1   2  2  
 2 Jack Johnson             Calvin De Haan           45     1   2  2  

Last Minutes Offensive
   Center                   Left Wing                Right Wing               Defense                  Defense                  
   Ryan O'Reilly            Jaden Schwartz           Anthony Mantha           Jeff Petry               Shea Theodore            

Last Minutes Defensive
   Center                   Left Wing                Right Wing               Defense                  Defense                  
   Boone Jenner             Ondrej Kase              Timo Meier               Ryan Graves              Colton Parayko           

Goaltenders
Starting : Jake Allen               
Backup : Philipp Grubauer         

Extra Forwards
Normal : Timo Meier, Joel Eriksson Ek, Ondrej Kase - PP : Ondrej Kase, Mikko Koivu - PK : Ryan O'Reilly
Extra Defensemen
Normal : Shea Theodore, Colton Parayko, Jeff Petry - PP : Jack Johnson - PK : Shea Theodore, Ryan Graves
Penalty Shots
Ryan O'Reilly, Anthony Mantha, Jaden Schwartz, Timo Meier, Patric Hornqvist
Custom OT Lines Forwards
Ryan O'Reilly, Anthony Mantha, Jaden Schwartz, Timo Meier, Joel Eriksson Ek, Ondrej Kase, Mikko Koivu, Boone Jenner, Patric Hornqvist, Ivan Barbashev
Custom OT Lines Defensemen
Jeff Petry, Ryan Graves, Colton Parayko, Shea Theodore, Calvin De Haan

Scratches
None


% Time on Ice - SAN JOSE BRONCOS

Lines # - Real PCT - Wanted PCT - Time Play
Normal Forward
1 - 33% - 36% - 13:05
2 - 30% - 33% - 11:40
3 - 23% - 25% - 9:01
4 - 14% - 6% - 5:23
Normal Defense
1 - 39% - 40% - 15:14
2 - 31% - 35% - 12:04
3 - 30% - 25% - 11:51
4 - 0% - 0% - 0:00
PP Forward
1 - 50% - 60% - 5:26
2 - 50% - 40% - 5:30
PP Defense
1 - 47% - 60% - 5:07
2 - 53% - 40% - 5:49
PK Forward
1 - 49% - 50% - 3:51
2 - 51% - 50% - 4:05
PK Defense
1 - 66% - 50% - 5:14
2 - 34% - 50% - 2:42
PK3 Forward
1 - 0% - 50%
2 - 0% - 50%
PK3 Defense
1 - 0% - 55%
2 - 0% - 45%
44 Forward
1 - 55% - 50% - 1:06
2 - 45% - 50% - 0:53
44 Defense
1 - 55% - 50% - 1:06
2 - 45% - 50% - 0:53
Last Minute Offensive  - 0:00
Last Minute Defensive  - 0:00
Total
Forward - 60:00
Defense - 60:00

% Time on Ice - EDMONTON ICE

Lines # - Real PCT - Wanted PCT - Time Play
Normal Forward
1 - 35% - 37% - 13:34
2 - 30% - 34% - 11:56
3 - 17% - 23% - 6:43
4 - 18% - 6% - 6:56
Normal Defense
1 - 37% - 37% - 14:32
2 - 35% - 33% - 13:53
3 - 22% - 23% - 8:43
4 - 5% - 7% - 2:01
PP Forward
1 - 49% - 55% - 3:51
2 - 51% - 45% - 4:05
PP Defense
1 - 51% - 55% - 4:05
2 - 49% - 45% - 3:51
PK Forward
1 - 66% - 57% - 7:12
2 - 34% - 43% - 3:44
PK Defense
1 - 44% - 57% - 4:46
2 - 56% - 43% - 6:10
PK3 Forward
1 - 0% - 55%
2 - 0% - 45%
PK3 Defense
1 - 0% - 55%
2 - 0% - 45%
44 Forward
1 - 66% - 55% - 1:19
2 - 34% - 45% - 0:40
44 Defense
1 - 56% - 55% - 1:07
2 - 44% - 45% - 0:52
Last Minute Offensive  - 0:00
Last Minute Defensive  - 0:00
Total
Forward - 60:00
Defense - 60:00

Play-by-Play

1st period


0:01 of 1st period - Ryan O'Reilly wins face-off versus Brayden Point in neutral zone.
0:34 of 1st period - Shot by Elias Lindholm.
0:34 of 1st period - Shot Misses the Net.
0:36 of 1st period - Shot by Hampus Lindholm.
0:36 of 1st period - Shot Misses the Net.
0:49 of 1st period - Shot by Brayden Point.
0:49 of 1st period - Shot Blocked by Ryan Graves.
1:22 of 1st period - Off-side.
1:23 of 1st period - Nick Bonino wins face-off versus Mikko Koivu in neutral zone.
1:52 of 1st period - Shot by Timo Meier.
1:52 of 1st period - Shot Blocked by Nick Bonino.
1:58 of 1st period - Shot by Patric Hornqvist.
1:58 of 1st period - Stopped by Jacob Markstrom without a rebound.
1:59 of 1st period - Boone Jenner wins face-off versus Evgeni Malkin in SAN JOSE BRONCOS zone.
2:20 of 1st period - Shot by Claude Giroux.
2:20 of 1st period - Shot Misses the Net.
2:58 of 1st period - Boone Jenner is hit by Evgeni Malkin and loses puck.
3:11 of 1st period - Chris Tanev is hit by Patric Hornqvist and loses puck.
3:30 of 1st period - Shot by Timo Meier.
3:30 of 1st period - Deflect By Patric Hornqvist.
3:30 of 1st period - Shot Blocked by Chris Tanev.
3:36 of 1st period - Shot by Mikko Koivu.
3:36 of 1st period - Shot Misses the Net.
3:38 of 1st period - Shot by Mikko Koivu.
3:38 of 1st period - Stopped by Jacob Markstrom with a rebound.
4:01 of 1st period - Elias Lindholm is hit by Colton Parayko and loses puck.
4:22 of 1st period - Shot by Jaden Schwartz.
4:22 of 1st period - Shot Misses the Net.
4:40 of 1st period - Jaden Schwartz is hit by Elias Lindholm and loses puck.
6:44 of 1st period - Icing by Jeff Petry.
6:45 of 1st period - Ryan O'Reilly wins face-off versus Evgeni Malkin in EDMONTON ICE zone.
7:31 of 1st period - Connor Brown is hit by Anthony Mantha.
8:02 of 1st period - Shot by Elias Lindholm.
8:02 of 1st period - Stopped by Jake Allen with a rebound.
8:22 of 1st period - Shot by Oliver Bjorkstrand.
8:22 of 1st period - Stopped by Jake Allen without a rebound.
8:23 of 1st period - Mikko Koivu wins face-off versus Nick Bonino in EDMONTON ICE zone.
8:36 of 1st period - Shot by Mikko Koivu.
8:36 of 1st period - Shot Misses the Net.
8:38 of 1st period - Shot by Patric Hornqvist.
8:38 of 1st period - Shot Misses the Net.
8:48 of 1st period - Shot by Patric Hornqvist.
8:48 of 1st period - Stopped by Jacob Markstrom with a rebound.
9:10 of 1st period - Nick Bonino is hit by Timo Meier and loses puck.
9:53 of 1st period - Shot by Oliver Bjorkstrand.
9:53 of 1st period - Shot Misses the Net.
10:03 of 1st period - Shot by Oliver Bjorkstrand.
10:03 of 1st period - Stopped by Jake Allen with a rebound.
10:05 of 1st period - Shot by Oliver Bjorkstrand.
10:05 of 1st period - Shot Blocked by Calvin De Haan.
10:20 of 1st period - Icing by Jack Johnson.
10:21 of 1st period - Evgeni Malkin wins face-off versus Ivan Barbashev in EDMONTON ICE zone.
10:21 of 1st period - Connor Brown is hit by Jack Johnson and loses puck.
10:30 of 1st period - Shot by Connor Brown.
10:30 of 1st period - Shot Misses the Net.
10:32 of 1st period - Shot by Evgeni Malkin.
10:32 of 1st period - Shot Misses the Net.
10:34 of 1st period - Shot by Marco Scandella.
10:34 of 1st period - Stopped by Jake Allen without a rebound.
10:35 of 1st period - Mikko Koivu wins face-off versus Charlie Coyle in EDMONTON ICE zone.
10:43 of 1st period - Icing by Jeff Petry.
10:44 of 1st period - Mikko Koivu wins face-off versus Evgeni Malkin in EDMONTON ICE zone.
10:50 of 1st period - Icing by Patric Hornqvist.
10:51 of 1st period - Brayden Point wins face-off versus Mikko Koivu in EDMONTON ICE zone.
11:13 of 1st period - Shot by Patric Hornqvist.
11:13 of 1st period - Stopped by Jacob Markstrom without a rebound.
11:14 of 1st period - Nick Bonino wins face-off versus Ryan O'Reilly in SAN JOSE BRONCOS zone.
11:29 of 1st period - Shot by Nick Bonino.
11:29 of 1st period - Stopped by Jake Allen without a rebound.
11:30 of 1st period - Brayden Point wins face-off versus Mikko Koivu in EDMONTON ICE zone.
12:02 of 1st period - Shot by Timo Meier.
12:02 of 1st period - Stopped by Jacob Markstrom without a rebound.
12:03 of 1st period - Ryan O'Reilly wins face-off versus Nick Bonino in SAN JOSE BRONCOS zone.
12:03 of 1st period - Jaden Schwartz is hit by Hampus Lindholm and loses puck.
12:27 of 1st period - Minor Penalty to Anthony Beauvillier for Roughing.
12:28 of 1st period - Joel Eriksson Ek wins face-off versus Evgeni Malkin in SAN JOSE BRONCOS zone.
12:39 of 1st period - Shot by Shea Theodore.
12:39 of 1st period - Stopped by Jacob Markstrom with a rebound.
13:35 of 1st period - Off-side.
13:36 of 1st period - Ryan O'Reilly wins face-off versus Evgeni Malkin in neutral zone.
14:48 of 1st period - Minor Penalty to Matt Irwin for Hooking.
14:49 of 1st period - Evgeni Malkin wins face-off versus Patric Hornqvist in SAN JOSE BRONCOS zone.
15:56 of 1st period - Shot by Anthony Mantha.
15:56 of 1st period - Shot Misses the Net.
16:56 of 1st period - Shot by Ondrej Kase.
16:56 of 1st period - Shot Blocked by Charlie Coyle.
16:58 of 1st period - Shot by Jack Johnson.
16:58 of 1st period - Shot Blocked by Matt Irwin.
17:20 of 1st period - Shot by Ivan Barbashev.
17:20 of 1st period - Stopped by Jacob Markstrom without a rebound.
17:21 of 1st period - Mikko Koivu wins face-off versus Brayden Point in SAN JOSE BRONCOS zone.
17:37 of 1st period - Minor Penalty to Timo Meier for Interference.
17:38 of 1st period - Brayden Point wins face-off versus Boone Jenner in EDMONTON ICE zone.
18:06 of 1st period - Icing by Chris Tanev.
18:07 of 1st period - Boone Jenner wins face-off versus Brayden Point in SAN JOSE BRONCOS zone.
18:49 of 1st period - Shot by Mikko Koivu.
18:49 of 1st period - Stopped by Jacob Markstrom with a rebound.
18:51 of 1st period - Shot by Colton Parayko.
18:51 of 1st period - Shot Misses the Net.
18:53 of 1st period - Shot by Mikko Koivu.
18:53 of 1st period - Stopped by Jacob Markstrom without a rebound.
18:54 of 1st period - Boone Jenner wins face-off versus Evgeni Malkin in SAN JOSE BRONCOS zone.
19:27 of 1st period - Shot by Jaccob Slavin.
19:27 of 1st period - Stopped by Jake Allen without a rebound.
19:28 of 1st period - Mikko Koivu wins face-off versus Brayden Point in EDMONTON ICE zone.
19:28 of 1st period - Mikko Koivu is hit by Brayden Point.
19:43 of 1st period - Brayden Point is hit by Colton Parayko.
19:54 of 1st period - Shot by Nick Bonino.
19:54 of 1st period - Shot Blocked by Colton Parayko.
Goals for this period are 0 for SAN JOSE BRONCOS vs 0 for EDMONTON ICE.
Shots for this period are 6 for SAN JOSE BRONCOS vs 9 for EDMONTON ICE.

2nd period


0:01 of 2nd period - Evgeni Malkin wins face-off versus Ryan O'Reilly in neutral zone.
0:11 of 2nd period - Claude Giroux is hit by Jeff Petry and loses puck.
0:18 of 2nd period - Shot by Evgeni Malkin.
0:18 of 2nd period - Goal by Evgeni Malkin - SAN JOSE BRONCOS : 1 - EDMONTON ICE : 0.
0:19 of 2nd period - Mikko Koivu wins face-off versus Brayden Point in neutral zone.
0:30 of 2nd period - Off-side.
0:31 of 2nd period - Ryan O'Reilly wins face-off versus Evgeni Malkin in neutral zone.
0:38 of 2nd period - Claude Giroux is hit by Anthony Mantha and loses puck.
0:49 of 2nd period - Shot by Evgeni Malkin.
0:49 of 2nd period - Shot Misses the Net.
0:51 of 2nd period - Shot by Claude Giroux.
0:51 of 2nd period - Shot Misses the Net.
0:57 of 2nd period - Shot by Connor Brown.
0:57 of 2nd period - Stopped by Jake Allen without a rebound.
0:58 of 2nd period - Brayden Point wins face-off versus Mikko Koivu in EDMONTON ICE zone.
1:05 of 2nd period - Shot by Oliver Bjorkstrand.
1:05 of 2nd period - Stopped by Jake Allen without a rebound.
1:06 of 2nd period - Mikko Koivu wins face-off versus Elias Lindholm in EDMONTON ICE zone.
1:12 of 2nd period - Timo Meier is hit by Adam Pelech and loses puck.
1:27 of 2nd period - Shot by Brayden Point.
1:27 of 2nd period - Shot Misses the Net.
1:41 of 2nd period - Shot by Elias Lindholm.
1:41 of 2nd period - Deflect By Brayden Point.
1:41 of 2nd period - Shot Hit the Post.
1:46 of 2nd period - Oliver Bjorkstrand is hit by Colton Parayko and loses puck.
2:51 of 2nd period - Shot by Anthony Mantha.
2:51 of 2nd period - Stopped by Jacob Markstrom without a rebound.
2:52 of 2nd period - Boone Jenner wins face-off versus Nick Bonino in SAN JOSE BRONCOS zone.
3:11 of 2nd period - Shot by Jeff Petry.
3:11 of 2nd period - Shot Misses the Net.
3:51 of 2nd period - Shot by Oliver Bjorkstrand.
3:51 of 2nd period - Stopped by Jake Allen without a rebound.
3:52 of 2nd period - Ryan O'Reilly wins face-off versus Evgeni Malkin in EDMONTON ICE zone.
4:12 of 2nd period - Shot by Jaden Schwartz.
4:12 of 2nd period - Deflect By Ryan O'Reilly.
4:12 of 2nd period - Stopped by Jacob Markstrom with a rebound.
4:16 of 2nd period - Shot by Ryan O'Reilly.
4:16 of 2nd period - Shot Misses the Net.
4:18 of 2nd period - Shot by Jack Johnson.
4:18 of 2nd period - Stopped by Jacob Markstrom with a rebound.
4:20 of 2nd period - Shot by Calvin De Haan.
4:20 of 2nd period - Shot Misses the Net.
5:02 of 2nd period - Shot by Shea Theodore.
5:02 of 2nd period - Deflect By Ondrej Kase.
5:02 of 2nd period - Shot Misses the Net.
5:04 of 2nd period - Shot by Ondrej Kase.
5:04 of 2nd period - Stopped by Jacob Markstrom without a rebound.
5:05 of 2nd period - Mikko Koivu wins face-off versus Brayden Point in SAN JOSE BRONCOS zone.
5:10 of 2nd period - Shot by Timo Meier.
5:10 of 2nd period - Stopped by Jacob Markstrom without a rebound.
5:11 of 2nd period - Brayden Point wins face-off versus Mikko Koivu in SAN JOSE BRONCOS zone.
5:19 of 2nd period - Oliver Bjorkstrand is hit by Colton Parayko and loses puck.
5:26 of 2nd period - Chris Tanev is hit by Timo Meier and loses puck.
5:51 of 2nd period - Shot by Elias Lindholm.
5:51 of 2nd period - Shot Misses the Net.
6:31 of 2nd period - Shot by Jaden Schwartz.
6:31 of 2nd period - Stopped by Jacob Markstrom without a rebound.
6:32 of 2nd period - Boone Jenner wins face-off versus Evgeni Malkin in SAN JOSE BRONCOS zone.
6:35 of 2nd period - Shot by Joel Eriksson Ek.
6:35 of 2nd period - Deflect By Boone Jenner.
6:35 of 2nd period - Goal by Boone Jenner - SAN JOSE BRONCOS : 1 - EDMONTON ICE : 1.
6:36 of 2nd period - Ryan O'Reilly wins face-off versus Evgeni Malkin in neutral zone.
7:06 of 2nd period - Ryan O'Reilly is hit by Jaccob Slavin and loses puck.
7:50 of 2nd period - Evgeni Malkin is hit by Boone Jenner and loses puck.
8:09 of 2nd period - Ondrej Kase is hit by Hampus Lindholm and loses puck.
8:42 of 2nd period - Off-side.
8:43 of 2nd period - Brayden Point wins face-off versus Jaden Schwartz in neutral zone.
8:50 of 2nd period - Shot by Oliver Bjorkstrand.
8:50 of 2nd period - Stopped by Jake Allen without a rebound.
8:51 of 2nd period - Ryan O'Reilly wins face-off versus Brayden Point in EDMONTON ICE zone.
8:51 of 2nd period - Ryan O'Reilly is hit by Brayden Point.
9:10 of 2nd period - Shot by Jaden Schwartz.
9:10 of 2nd period - Stopped by Jacob Markstrom without a rebound.
9:11 of 2nd period - Nick Bonino wins face-off versus Mikko Koivu in SAN JOSE BRONCOS zone.
9:34 of 2nd period - Shot by Nick Bonino.
9:34 of 2nd period - Shot Misses the Net.
9:36 of 2nd period - Shot by Nick Bonino.
9:36 of 2nd period - Shot Misses the Net.
9:38 of 2nd period - Shot by Anthony Beauvillier.
9:38 of 2nd period - Stopped by Jake Allen without a rebound.
9:39 of 2nd period - Elias Lindholm wins face-off versus Ryan O'Reilly in EDMONTON ICE zone.
9:40 of 2nd period - Shot by Brayden Point.
9:40 of 2nd period - Deflect By Oliver Bjorkstrand.
9:40 of 2nd period - Shot Blocked by Ryan Graves.
9:54 of 2nd period - Shot by Jaden Schwartz.
9:54 of 2nd period - Stopped by Jacob Markstrom with a rebound.
9:56 of 2nd period - Shot by Jeff Petry.
9:56 of 2nd period - Shot Blocked by Chris Tanev.
10:51 of 2nd period - Icing by Nick Bonino.
10:52 of 2nd period - Mikko Koivu wins face-off versus Nick Bonino in SAN JOSE BRONCOS zone.
11:04 of 2nd period - Icing by Shea Theodore.
11:05 of 2nd period - Evgeni Malkin wins face-off versus Mikko Koivu in EDMONTON ICE zone.
11:14 of 2nd period - Shot by Connor Brown.
11:14 of 2nd period - Shot Blocked by Shea Theodore.
11:35 of 2nd period - Shot by Evgeni Malkin.
11:35 of 2nd period - Shot Misses the Net.
11:37 of 2nd period - Shot by Claude Giroux.
11:37 of 2nd period - Deflect By Evgeni Malkin.
11:37 of 2nd period - Shot Blocked by Timo Meier.
11:39 of 2nd period - Shot by Evgeni Malkin.
11:39 of 2nd period - Stopped by Jake Allen without a rebound.
11:40 of 2nd period - Ryan O'Reilly wins face-off versus Nick Bonino in EDMONTON ICE zone.
13:03 of 2nd period - Shot by Boone Jenner.
13:03 of 2nd period - Stopped by Jacob Markstrom without a rebound.
13:04 of 2nd period - Mikko Koivu wins face-off versus Evgeni Malkin in SAN JOSE BRONCOS zone.
13:13 of 2nd period - Shot by Evgeni Malkin.
13:13 of 2nd period - Stopped by Jake Allen without a rebound.
13:14 of 2nd period - Mikko Koivu wins face-off versus Oliver Bjorkstrand in EDMONTON ICE zone.
13:14 of 2nd period - Mikko Koivu is hit by Elias Lindholm.
13:19 of 2nd period - Off-side.
13:20 of 2nd period - Ryan O'Reilly wins face-off versus Oliver Bjorkstrand in neutral zone.
13:22 of 2nd period - Minor Penalty to Jaden Schwartz for Slashing.
13:22 of 2nd period - Minor Penalty to Adam Pelech for Holding.
13:23 of 2nd period - Brayden Point wins face-off versus Timo Meier in SAN JOSE BRONCOS zone.
14:41 of 2nd period - Shot by Joel Eriksson Ek.
14:41 of 2nd period - Stopped by Jacob Markstrom without a rebound.
14:42 of 2nd period - Elias Lindholm wins face-off versus Ryan O'Reilly in SAN JOSE BRONCOS zone.
15:07 of 2nd period - Shot by Elias Lindholm.
15:07 of 2nd period - Stopped by Jake Allen without a rebound.
15:08 of 2nd period - Mikko Koivu wins face-off versus Elias Lindholm in EDMONTON ICE zone.
15:16 of 2nd period - Icing by Anthony Beauvillier.
15:17 of 2nd period - Mikko Koivu wins face-off versus Elias Lindholm in SAN JOSE BRONCOS zone.
15:39 of 2nd period - Charlie Coyle is hit by Ryan Graves and loses puck.
16:04 of 2nd period - Charlie Coyle is hit by Ryan Graves and loses puck.
16:45 of 2nd period - Shot by Elias Lindholm.
16:45 of 2nd period - Shot Misses the Net.
16:49 of 2nd period - Shot by Brayden Point.
16:49 of 2nd period - Shot Blocked by Ondrej Kase.
17:09 of 2nd period - Shot by Evgeni Malkin.
17:09 of 2nd period - Shot Misses the Net.
17:11 of 2nd period - Shot by Connor Brown.
17:11 of 2nd period - Deflect By Claude Giroux.
17:11 of 2nd period - Shot Misses the Net.
17:13 of 2nd period - Shot by Claude Giroux.
17:13 of 2nd period - Shot Blocked by Mathieu Perreault.
17:54 of 2nd period - Shot by Nick Bonino.
17:54 of 2nd period - Shot Misses the Net.
17:58 of 2nd period - Shot by Jesper Bratt.
17:58 of 2nd period - Shot Blocked by Ryan Graves.
18:09 of 2nd period - Nick Bonino is hit by Ryan Graves and loses puck.
18:12 of 2nd period - Shot by Jaccob Slavin.
18:12 of 2nd period - Shot Misses the Net.
18:14 of 2nd period - Shot by Nick Bonino.
18:14 of 2nd period - Stopped by Jake Allen without a rebound.
18:15 of 2nd period - Brayden Point wins face-off versus Ryan O'Reilly in EDMONTON ICE zone.
18:22 of 2nd period - Shot by Oliver Bjorkstrand.
18:22 of 2nd period - Stopped by Jake Allen without a rebound.
18:23 of 2nd period - Brayden Point wins face-off versus Ryan O'Reilly in EDMONTON ICE zone.
18:57 of 2nd period - Elias Lindholm is hit by Anthony Mantha and loses puck.
19:13 of 2nd period - Icing by Oliver Bjorkstrand.
19:14 of 2nd period - Patric Hornqvist wins face-off versus Brayden Point in SAN JOSE BRONCOS zone.
19:23 of 2nd period - Off-side.
19:24 of 2nd period - Mikko Koivu wins face-off versus Nick Bonino in neutral zone.
19:26 of 2nd period - Patric Hornqvist is hit by Chris Tanev and loses puck.
19:56 of 2nd period - Mikko Koivu is hit by Anthony Beauvillier and loses puck.
Goals for this period are 1 for SAN JOSE BRONCOS vs 1 for EDMONTON ICE.
Shots for this period are 11 for SAN JOSE BRONCOS vs 11 for EDMONTON ICE.

3rd period


0:01 of 3rd period - Brayden Point wins face-off versus Ondrej Kase in neutral zone.
0:26 of 3rd period - Minor Penalty to Chris Tanev for Tripping.
0:27 of 3rd period - Ryan O'Reilly wins face-off versus Nick Bonino in SAN JOSE BRONCOS zone.
0:36 of 3rd period - Shot by Ryan O'Reilly.
0:36 of 3rd period - Deflect By Anthony Mantha.
0:36 of 3rd period - Shot Misses the Net.
1:19 of 3rd period - Shot by Claude Giroux.
1:19 of 3rd period - Shot Misses the Net.
1:33 of 3rd period - Shot by Nick Bonino.
1:33 of 3rd period - Deflect By Claude Giroux.
1:33 of 3rd period - Stopped by Jake Allen without a rebound.
1:34 of 3rd period - Joel Eriksson Ek wins face-off versus Evgeni Malkin in EDMONTON ICE zone.
2:34 of 3rd period - Shot by Tyler Motte.
2:34 of 3rd period - Shot Blocked by Ondrej Kase.
2:43 of 3rd period - Minor Penalty to Matt Irwin for Interference.
2:44 of 3rd period - Ryan O'Reilly wins face-off versus Nick Bonino in SAN JOSE BRONCOS zone.
2:45 of 3rd period - Shot by Anthony Mantha.
2:45 of 3rd period - Stopped by Jacob Markstrom without a rebound.
2:46 of 3rd period - Nick Bonino wins face-off versus Ryan O'Reilly in SAN JOSE BRONCOS zone.
3:01 of 3rd period - Jeff Petry is hit by Chris Tanev and loses puck.
3:49 of 3rd period - Shot by Patric Hornqvist.
3:49 of 3rd period - Deflect By Jaden Schwartz.
3:49 of 3rd period - Stopped by Jacob Markstrom without a rebound.
3:50 of 3rd period - Joel Eriksson Ek wins face-off versus Oliver Bjorkstrand in SAN JOSE BRONCOS zone.
3:59 of 3rd period - Shot by Patric Hornqvist.
3:59 of 3rd period - Stopped by Jacob Markstrom without a rebound.
4:00 of 3rd period - Evgeni Malkin wins face-off versus Patric Hornqvist in SAN JOSE BRONCOS zone.
4:00 of 3rd period - Evgeni Malkin is hit by Patric Hornqvist.
4:20 of 3rd period - Shot by Jaden Schwartz.
4:20 of 3rd period - Shot Misses the Net.
5:12 of 3rd period - Icing by Marco Scandella.
5:13 of 3rd period - Ryan O'Reilly wins face-off versus Charlie Coyle in SAN JOSE BRONCOS zone.
5:22 of 3rd period - Shot by Jaden Schwartz.
5:22 of 3rd period - Deflect By Ryan O'Reilly.
5:22 of 3rd period - Shot Misses the Net.
5:39 of 3rd period - Ryan O'Reilly is hit by Tyler Motte and loses puck.
5:50 of 3rd period - Shot by Oliver Bjorkstrand.
5:50 of 3rd period - Stopped by Jake Allen without a rebound.
5:51 of 3rd period - Patric Hornqvist wins face-off versus Brayden Point in EDMONTON ICE zone.
5:59 of 3rd period - Timo Meier is hit by Oliver Bjorkstrand and loses puck.
6:01 of 3rd period - Minor Penalty to Jack Johnson for Hooking.
6:02 of 3rd period - Brayden Point wins face-off versus Ondrej Kase in EDMONTON ICE zone.
6:03 of 3rd period - Shot by Elias Lindholm.
6:03 of 3rd period - Shot Misses the Net.
6:15 of 3rd period - Ondrej Kase is hit by Connor Brown and loses puck.
7:23 of 3rd period - Claude Giroux is hit by Colton Parayko and loses puck.
7:34 of 3rd period - Shot by Oliver Bjorkstrand.
7:34 of 3rd period - Stopped by Jake Allen without a rebound.
7:35 of 3rd period - Brayden Point wins face-off versus Ondrej Kase in EDMONTON ICE zone.
8:00 of 3rd period - Shot by Elias Lindholm.
8:00 of 3rd period - Shot Misses the Net.
8:02 of 3rd period - Shot by Anthony Beauvillier.
8:02 of 3rd period - Shot Misses the Net.
8:16 of 3rd period - Shot by Ryan O'Reilly.
8:16 of 3rd period - Shot Misses the Net.
8:17 of 3rd period - Minor Penalty to Ryan O'Reilly for Cross-checking.
8:18 of 3rd period - Mikko Koivu wins face-off versus Claude Giroux in EDMONTON ICE zone.
8:24 of 3rd period - Icing by Chris Tanev.
8:25 of 3rd period - Claude Giroux wins face-off versus Boone Jenner in SAN JOSE BRONCOS zone.
8:32 of 3rd period - Oliver Bjorkstrand is hit by Boone Jenner and loses puck.
8:45 of 3rd period - Shot by Oliver Bjorkstrand.
8:45 of 3rd period - Shot Misses the Net.
8:47 of 3rd period - Shot by Evgeni Malkin.
8:47 of 3rd period - Stopped by Jake Allen without a rebound.
8:48 of 3rd period - Mikko Koivu wins face-off versus Brayden Point in EDMONTON ICE zone.
8:59 of 3rd period - Shot by Elias Lindholm.
8:59 of 3rd period - Stopped by Jake Allen with a rebound.
9:12 of 3rd period - Icing by Jaccob Slavin.
9:13 of 3rd period - Brayden Point wins face-off versus Boone Jenner in SAN JOSE BRONCOS zone.
9:13 of 3rd period - Brayden Point is hit by Boone Jenner.
9:21 of 3rd period - Shot by Connor Brown.
9:21 of 3rd period - Stopped by Jake Allen without a rebound.
9:22 of 3rd period - Evgeni Malkin wins face-off versus Boone Jenner in EDMONTON ICE zone.
9:23 of 3rd period - Shot by Claude Giroux.
9:23 of 3rd period - Deflect By Evgeni Malkin.
9:23 of 3rd period - Stopped by Jake Allen without a rebound.
9:24 of 3rd period - Boone Jenner wins face-off versus Brayden Point in EDMONTON ICE zone.
9:39 of 3rd period - Shot by Brayden Point.
9:39 of 3rd period - Stopped by Jake Allen without a rebound.
9:40 of 3rd period - Boone Jenner wins face-off versus Evgeni Malkin in EDMONTON ICE zone.
10:09 of 3rd period - Shot by Oliver Bjorkstrand.
10:09 of 3rd period - Shot Misses the Net.
10:35 of 3rd period - Shot by Nick Bonino.
10:35 of 3rd period - Stopped by Jake Allen without a rebound.
10:36 of 3rd period - Charlie Coyle wins face-off versus Ryan O'Reilly in EDMONTON ICE zone.
11:30 of 3rd period - Icing by Anthony Mantha.
11:31 of 3rd period - Evgeni Malkin wins face-off versus Ryan O'Reilly in EDMONTON ICE zone.
11:48 of 3rd period - Shot by Claude Giroux.
11:48 of 3rd period - Stopped by Jake Allen without a rebound.
11:49 of 3rd period - Brayden Point wins face-off versus Timo Meier in EDMONTON ICE zone.
11:51 of 3rd period - Oliver Bjorkstrand is hit by Ryan Graves.
12:14 of 3rd period - Brayden Point is hit by Jeff Petry and loses puck.
12:28 of 3rd period - Elias Lindholm is hit by Ryan Graves and loses puck.
12:54 of 3rd period - Major Penalty to Jack Johnson for Boarding.
12:55 of 3rd period - Boone Jenner wins face-off versus Evgeni Malkin in EDMONTON ICE zone.
13:55 of 3rd period - Icing by Jaccob Slavin.
13:56 of 3rd period - Brayden Point wins face-off versus Mikko Koivu in SAN JOSE BRONCOS zone.
13:56 of 3rd period - Brayden Point is hit by Mikko Koivu.
14:37 of 3rd period - Icing by Brayden Point.
14:38 of 3rd period - Brayden Point wins face-off versus Boone Jenner in SAN JOSE BRONCOS zone.
15:48 of 3rd period - Icing by Jaccob Slavin.
15:49 of 3rd period - Boone Jenner wins face-off versus Brayden Point in SAN JOSE BRONCOS zone.
17:10 of 3rd period - Shot by Jaccob Slavin.
17:10 of 3rd period - Shot Misses the Net.
17:16 of 3rd period - Shot by Brayden Point.
17:16 of 3rd period - Stopped by Jake Allen without a rebound.
17:17 of 3rd period - Boone Jenner wins face-off versus Evgeni Malkin in EDMONTON ICE zone.
17:53 of 3rd period - Icing by Oliver Bjorkstrand.
17:54 of 3rd period - Ryan O'Reilly wins face-off versus Nick Bonino in SAN JOSE BRONCOS zone.
18:30 of 3rd period - Shot by Jaden Schwartz.
18:30 of 3rd period - Stopped by Jacob Markstrom without a rebound.
18:31 of 3rd period - Charlie Coyle wins face-off versus Mikko Koivu in SAN JOSE BRONCOS zone.
18:33 of 3rd period - Icing by David Kampf.
18:34 of 3rd period - Charlie Coyle wins face-off versus Mikko Koivu in SAN JOSE BRONCOS zone.
18:34 of 3rd period - Charlie Coyle is hit by Patric Hornqvist.
18:52 of 3rd period - Shot by Jaccob Slavin.
18:52 of 3rd period - Shot Blocked by Ryan Graves.
19:03 of 3rd period - Charlie Coyle is hit by Ryan Graves and loses puck.
19:06 of 3rd period - Shot by Hampus Lindholm.
19:06 of 3rd period - Shot Blocked by Ryan Graves.
19:08 of 3rd period - Shot by Jaccob Slavin.
19:08 of 3rd period - Stopped by Jake Allen without a rebound.
19:09 of 3rd period - Boone Jenner wins face-off versus Evgeni Malkin in EDMONTON ICE zone.
Goals for this period are 0 for SAN JOSE BRONCOS vs 0 for EDMONTON ICE.
Shots for this period are 12 for SAN JOSE BRONCOS vs 4 for EDMONTON ICE.

Overtime #1


0:01 of 1st overtime period - Claude Giroux wins face-off versus Ryan O'Reilly in neutral zone.
0:08 of 1st overtime period - Shot by Brayden Point.
0:08 of 1st overtime period - Shot Misses the Net.
0:30 of 1st overtime period - Shot by Anthony Mantha.
0:30 of 1st overtime period - Stopped by Jacob Markstrom without a rebound.
0:31 of 1st overtime period - Ryan O'Reilly wins face-off versus Claude Giroux in SAN JOSE BRONCOS zone.
0:32 of 1st overtime period - Shot by Anthony Mantha.
0:32 of 1st overtime period - Deflect By Ryan O'Reilly.
0:32 of 1st overtime period - Shot Misses the Net.
0:44 of 1st overtime period - Shot by Anthony Mantha.
0:44 of 1st overtime period - Stopped by Jacob Markstrom without a rebound.
0:45 of 1st overtime period - Ryan O'Reilly wins face-off versus Claude Giroux in SAN JOSE BRONCOS zone.
1:12 of 1st overtime period - Shot by Brayden Point.
1:12 of 1st overtime period - Shot Misses the Net.
1:14 of 1st overtime period - Shot by Brayden Point.
1:14 of 1st overtime period - Deflect By Claude Giroux.
1:14 of 1st overtime period - Stopped by Jake Allen without a rebound.
1:15 of 1st overtime period - Evgeni Malkin wins face-off versus Timo Meier in EDMONTON ICE zone.
1:36 of 1st overtime period - Shot by Oliver Bjorkstrand.
1:36 of 1st overtime period - Goal by Oliver Bjorkstrand - SAN JOSE BRONCOS : 2 - EDMONTON ICE : 1.
Goals for this period are 1 for SAN JOSE BRONCOS vs 0 for EDMONTON ICE.
Shots for this period are 2 for SAN JOSE BRONCOS vs 2 for EDMONTON ICE.


DARCY
KUEMPER
JAKE
OETTINGER
NINO
NIEDERREITER

EAST COAST

HOCKEY LEAGUE

  • 1.CHI2QUE4
  • 2.LIM2CHA3
  • 3.LON3TRV5
  • 4.BAL5CHW6
  • 5.MANPIT
  • 6.NHWATL
  • 7.PETWOR
  • 8.RHI